 Dungeon Crawl Stone Soup version 0.24.0-1-gfbc8707 (webtiles) character file.

Game seed: 9461428488409567532, levelgen mode: deterministic

5259 Illumine the Spear-Bearer (level 10, -4/72 HPs)
             Began as a Merfolk Gladiator on Nov 2, 2019.
             Was a Follower of Hepliaklqana.
             Killed by nerve-wracking pain
             ... invoked by a shadow imp
              (14 damage)
             ... while paralysed by a hornet
             ... on level 9 of the Dungeon.
             The game lasted 00:17:46 (8556 turns).

Illumine the Spear-Bearer (Merfolk Gladiator)       Turns: 8556, Time: 00:17:46

Health: -4/72      AC: 11    Str: 21    XL:     10   Next: 62%
Magic:  10/10      EV:  2    Int:  8    God:    Hepliaklqana [*.....]
Gold:   539        SH:  0    Dex: 16    Spells: 9/9 levels left

rFire    . . .     SeeInvis +   O - +0 halberd
rCold    . . .     Gourm    .   (shield currently unavailable)
rNeg     . . .     Faith    .   k - +0 swamp dragon scales
rPois    +         Spirit   .   c - +1 helmet
rElec    .         Reflect  .   (no cloak)
rCorr    .         Harm     .   l - +0 pair of gloves
MR       .....                  (no boots)
Stlth    +.........             (no amulet)
HPRegen  0.22/turn              F - ring of see invisible
MPRegen  0.12/turn              M - +4 ring of strength

@: paralysed, lethally poisoned (-4 -> -5), slowed
A: change form in water, swift swim, stealthy swim, reduced essence
a: Recall Ancestor, Ancestor Identity, Renounce Religion


You were on level 9 of the Dungeon.
You worshipped Hepliaklqana.
Hepliaklqana was aware of your devotion.
You were not hungry.

You visited 2 branches of the dungeon, and saw 10 of its levels.
You also visited: Ossuary.

You collected 539 gold pieces.

Inventory:

Hand Weapons
 a - a +1 trident
 O - a +0 halberd (weapon)
Missiles
 j - 18 boomerangs
 q - 10 poisoned darts
 N - 6 throwing nets (quivered)
Armour
 b - a +0 leather armour
 c - a +1 helmet (worn)
 k - +0 swamp dragon scales (worn)
 l - a +0 pair of gloves (worn)
Jewellery
 m - an uncursed ring of fire
 o - an uncursed ring of protection from magic
 F - a ring of see invisible (left hand)
 M - a +4 ring of strength (right hand)
Wands
 t - a wand of polymorph (9)
 D - a wand of acid (11)
 E - a wand of disintegration (18)
 G - a wand of random effects (16)
Scrolls
 d - a scroll of blinking {unknown}
 e - 5 scrolls of teleportation
 h - a scroll of vulnerability {unknown}
 i - 2 scrolls of magic mapping
 p - 2 scrolls of enchant weapon
 s - 3 scrolls of remove curse
 u - a scroll of noise {unknown}
 w - 2 scrolls of fog {unknown}
 x - a scroll of holy word {unknown}
 y - a scroll of amnesia
 J - a scroll of fear
Potions
 g - 4 potions of berserk rage
 n - 3 potions of magic
 r - 7 potions of heal wounds
 v - 2 potions of mutation
 z - 3 potions of might
 A - 3 potions of haste
 B - 3 potions of curing
 C - a potion of flight
 H - a potion of lignification {unknown}
 I - a potion of agility {unknown}
 L - 3 potions of invisibility {unknown}
Comestibles
 f - 16 rations
 K - 3 chunks of flesh


   Skills:
 + Level 8.0 Fighting
 + Level 11.5 Polearms
 + Level 6.5 Throwing
 + Level 4.9 Armour
 + Level 9.9 Dodging


You had 9 spell levels left.
You didn't know any spells.
Your spell library was empty.

Dungeon Overview and Level Annotations

Branches:
Dungeon (9/15)             Temple (1/1) D:5         Ossuary (visited)
   Lair: D:8-11         Orc: D:9-12

Altars:
Elyvilon
Fedhas
Gozag
Hepliaklqana
Makhleb
Sif Muna
Trog
Uskayaw
Wu Jian
Xom
Yredelemnul
The Shining One

Shops:
D:8 ?


Message History

You kill the orc!
The orc barely misses you. The hornet stings you!
You feel yourself slow down.
You feel yourself speed up.
You feel sick. The orc hits you but does no damage.
The hornet stings you but does no damage.
The orc completely misses you. The hornet stings you.
You feel yourself slow down.
You feel sick. The hornet stings you.
You feel as though you will be slow longer.
The orc completely misses you.
You feel sick. The hornet stings you!
You suddenly lose the ability to move!
The hornet stings you. The shadow imp hits you.
* * * LOW HITPOINT WARNING * * *
The orc hits you but does no damage. The hornet completely misses you.
The hornet stings you!
* * * LOW HITPOINT WARNING * * *
You feel as though you will be slow longer.
The shadow imp gestures at you. Pain shoots through your body!
You die...

#.<.####### #
#.#.......# .#
#...#####.##.#
######..# ....
..?....†# ..#
######..#####..###.#
#..............
#####......>.....#.
.........@o###.##.#
####....oy5.# .#
##....oo..##.##.#
#.......oo.......
##.$..oo.........
#........#.###).
#......###.#
.....##.#o# .#
........)oo# #


You could see a hornet, an orc warrior, an orc wizard (invisible), a shadow imp
and 7 orcs.

Vanquished Creatures
  3 hippogriffs
  2 wraiths (D:7)
  Menkaure (D:5)
  2 ice beasts
  A sky beast (D:6)
  3 phantoms
  2 ogres
  2 centaurs (D:6)
  A crocodile (D:7)
  3 bullfrogs
  A gnoll sergeant (D:8)
  A wyvern zombie (D:8)
  A wyvern skeleton (D:8)
  2 scorpions
  7 killer bees
  4 howler monkeys
  2 jellies (D:8)
  9 hounds
  2 human zombies (D:7)
  An orc priest (D:5)
  2 orc wizards
  2 worker ants (D:4)
  A hound skeleton (D:5)
  15 mummies
  7 adders
  17 gnolls
  A shadow imp (D:6)
  An adder zombie (D:5)
  An adder skeleton (D:6)
  3 worms
  3 dart slugs (D:1)
  2 leopard geckos (D:3)
  24 orcs
  2 ball pythons
  6 giant cockroaches
  6 goblins
  8 hobgoblins
  9 jackals
  6 quokkas
  6 bats
  5 frilled lizards
  3 gnoll skeletons (Ossuary)
  A goblin skeleton (Ossuary)
  A jackal skeleton (D:5)
  12 kobolds
  A kobold skeleton (Ossuary)
  3 orc skeletons
  6 rats
  11 rat skeletons (Ossuary)
215 creatures vanquished.

Vanquished Creatures (collateral kills)
  A hornet (D:7)
  A phantom (D:6)
  A wolf (D:8)
  2 ogres
  A big kobold (D:8)
  An elf zombie (D:7)
  A bullfrog (D:5)
  3 killer bees
  A centaur zombie (D:5)
  2 hounds (D:6)
  A gnoll shaman (D:8)
  3 human zombies (D:7)
  A bullfrog skeleton (D:6)
  2 iguanas
  3 worker ants
  5 gnolls
  An adder (D:6)
  A shadow imp (D:6)
  3 orcs
  A ball python (D:6)
  2 jackals (D:8)
  A quokka (D:9)
  3 kobolds (D:8)
  An orc zombie (D:7)
42 creatures vanquished.

Vanquished Creatures (others)
  3 ancestors
  A kobold skeleton (Ossuary)
4 creatures vanquished.

Grand Total: 261 creatures vanquished

Notes
Turn   | Place    | Note
-------+----------+-------------------------------------------
     0 | D:1      | Illumine the Merfolk Gladiator began the quest for the Orb.
     0 | D:1      | Reached XP level 1. HP: 16/16 MP: 1/1
   151 | D:1      | Reached XP level 2. HP: 19/23 MP: 2/2
   342 | D:1      | Reached skill level 5 in Polearms
   771 | D:1      | Reached XP level 3. HP: 28/28 MP: 3/3
  1927 | D:2      | Found a burning altar of Makhleb.
  2077 | D:3      | Reached XP level 4. HP: 31/34 MP: 4/4
  2087 | D:3      | Reached skill level 6 in Polearms
  2819 | D:4      | Reached XP level 5. HP: 40/41 MP: 5/5
  2834 | D:4      | Noticed an ogre
  2848 | D:4      | Killed an ogre
  2848 | D:4      | Reached skill level 7 in Polearms
  2848 | D:4      | Reached skill level 1 in Armour
  2848 | D:4      | Reached skill level 5 in Dodging
  2914 | D:4      | Reached XP level 6. HP: 48/48 MP: 6/6
  3033 | D:5      | Entered Level 5 of the Dungeon
  3042 | D:5      | Noticed Menkaure
  3055 | D:5      | Killed Menkaure
  3055 | D:5      | Reached XP level 7. HP: 54/54 MP: 7/7
  3292 | D:4      | Found a sand-covered staircase.
  3307 | Ossuary  | Entered an ossuary
  3344 | Ossuary  | Reached skill level 8 in Polearms
  4043 | D:4      | Reached XP level 8. HP: 34/61 MP: 8/8
  4318 | D:5      | Reached skill level 5 in Fighting
  4482 | D:5      | Reached skill level 9 in Polearms
  5042 | D:5      | Found a staircase to the Ecumenical Temple.
  5048 | Temple   | Entered the Ecumenical Temple
  5058 | Temple   | Became a worshipper of Hepliaklqana the Forgotten
  5346 | D:6      | Noticed a hippogriff
  5371 | D:5      | Killed a hippogriff
  5371 | D:5      | Reached XP level 9. HP: 21/62 MP: 9/9
  5695 | D:6      | Found an opulent altar of Gozag.
  5765 | D:6      | Found a white marble altar of Elyvilon.
  5875 | D:6      | Reached skill level 10 in Polearms
  5987 | D:6      | Reached skill level 5 in Throwing
  6019 | D:6      | Found a hide-covered altar of Uskayaw.
  6025 | D:6      | Found a glowing golden altar of the Shining One.
  6200 | D:7      | Found a white marble altar of Elyvilon.
  6481 | D:7      | Noticed a hornet
  6483 | D:7      | Paralysed by a hornet for 2 turns
  6494 | D:7      | Killed a hornet
  6911 | D:7      | Reached * piety under Hepliaklqana
  7083 | D:7      | Reached XP level 10. HP: 59/71 MP: 10/10
  7170 | D:7      | Found a basalt altar of Yredelemnul.
  7359 | D:7      | Reached skill level 11 in Polearms
  8164 | D:8      | Found Xiaxoges's Magic Scroll Emporium.
  8554 | D:9      | Paralysed by a hornet for 3 turns
  8556 | D:9      | Killed from afar by a shadow imp

Levels and vault maps discovered:
D:1:      psy_arrival_whirlpool, layout_basic, minmay_unequal
D:2:      layout_loops_ring, lemuel_coloured_pillars_altar, dk_noncrumbling_3
D:3:      layout_basic
D:4:      layout_basic, nicolae_ossuary_entry_monument
D:5:      layout_basic, minmay_temple_entry_enclosed_plants, first_ration,
          serial_bayou_pond_c, kennysheep_pointless_box, hangedman_decor_points,
          uniq_menkaure
D:6:      layout_rooms, amethyst_overflow_temple_binary, lemuel_doored_altar,
          elyvilon_altar_3
D:7:      layout_loops_ring, lemuel_mausoleum_altar_yredelemnul,
          old_standard_altar, minmay_misc_feat_hallway
D:8:      layout_cave_pools, serial_gnoll_camp, gnoll_camp_mini_loothouse,
          gnoll_camp_mini_doghouse, gnoll_camp_mini_shop, gnoll_camp_medium_02
D:9:      layout_loops_ring, lair_entry_dummy, hiddenorc1_lemuel,
          hangedman_little_slice_of_home, trog_wizard
Temple:   eino_temple_rhombus

Skill      XL: |  1  2  3  4  5  6  7  8  9 10 |
---------------+-------------------------------+-----
Polearms       | 5 6 7 8 9 10 11 | 11.5
Fighting       | 3 4 5 7 8 |  8.0
Armour         | 1 2 3 4 |  4.9
Dodging        | 5 6 7 9 |  9.9
Throwing       | 3 4 5 6 |  6.5

Action                   |  1- 3 |  4- 6 |  7- 9 | 10-12 || total
-------------------------+-------+-------+-------+-------++-------
Melee: Trident           |    87 |   154 |   568 |   160 ||   969
       Spear             |   118 |       |       |       ||   118
       Halberd           |       |       |       |    77 ||    77
Throw: Throwing net      |     2 |     1 |       |       ||     3
       Boomerang         |       |     5 |     1 |       ||     6
Invok: Ancestor Identity |       |       |     1 |       ||     1
  Use: Scroll            |     9 |       |     1 |     8 ||    18
       Potion            |     2 |       |       |       ||     2
 Stab: Held in net/web   |     4 |       |       |       ||     4
       Distracted        |       |       |     4 |     1 ||     5
  Eat: Chunk             |     4 |     3 |    10 |     2 ||    19
       Ration            |       |       |     1 |     1 ||     2
Armor: Leather armour    |    28 |     5 |       |       ||    33
       Swamp dragon scal |       |    69 |   108 |    77 ||   254
Dodge: Dodged            |   106 |   118 |   285 |   296 ||   805
